 Dungeon Crawl Stone Soup version 0.22.1-2-g9c5b331383 (webtiles) character file.

1212 Marnok the Slasher (level 8, 0/61 HPs)
             Began as a Human Fighter on Dec 26, 2018.
             Slain by an ice beast (4 damage)
             ... on level 8 of the Dungeon.
             The game lasted 00:23:07 (5364 turns).

Marnok the Slasher (Human Fighter)                  Turns: 5364, Time: 00:23:08

Health: 0/61       AC:  8    Str: 13 (16) XL:     8   Next: 74%
Magic:  8/8        EV:  2    Int:  8 (9)  God:
Gold:   274        SH:  0    Dex: 13 (15) Spells: 7/7 levels left

rFire    . . .     SeeInvis .   a - +0 long sword
rCold    . . .     Gourm    .   c - +0 shield
rNeg     + + +     Faith    .   b - +0 scale mail
rPois    ∞         Spirit   .   (no helmet)
rElec    .         Reflect  +   s - +0 cloak
rCorr    .         Harm     .   (no gloves)
MR       .....                  (no boots)
Stlth    ..........             q - +5 amulet of reflection
HPRegen  0.20/turn              (no ring)
MPRegen  0.11/turn              (no ring)

@: petrified, drained
A: no striking features
a: no special abilities


You were on level 8 of the Dungeon.
You were very hungry.

You visited 1 branch of the dungeon, and saw 8 of its levels.
You also visited: Ossuary.

You collected 274 gold pieces.

Inventory:

Hand Weapons
 a - a +0 long sword (weapon)
 h - a cursed +4 short sword
 i - a cursed +5 mace
 j - a +0 dagger of venom
 n - a +2 dagger of draining
 p - a +1 whip of distortion
 r - a +0 dagger of venom
 t - a +2 war axe of freezing
Missiles
 g - 3 tomahawks (quivered)
Armour
 b - a +0 scale mail (worn)
 c - a +0 shield (worn)
 s - a +0 cloak (worn)
Jewellery
 d - an uncursed amulet of guardian spirit
 m - a cursed ring of attention
 q - a +5 amulet of reflection (around neck)
Wands
 l - a wand of polymorph (16)
 o - a wand of random effects (24)
Scrolls
 e - 2 scrolls of remove curse
 k - a scroll of amnesia
 u - a scroll of magic mapping
 y - a scroll of teleportation
Potions
 v - a potion of haste
 w - 2 potions of curing
 z - 2 potions of invisibility
 A - 2 potions of flight {unknown}
 B - a potion of berserk rage
 C - 2 potions of heal wounds
Comestibles
 f - 3 rations


   Skills:
 + Level 4.4(3.8) Fighting
 + Level 6.5(5.9) Long Blades
 + Level 5.7(5.1) Armour
 + Level 2.0(1.4) Dodging
 + Level 1.1(0.5) Stealth
 + Level 4.8(4.2) Shields


You had 7 spell levels left.
You didn't know any spells.
Your spell library contained the following spells:

 Spells                   Type           Power        Failure   Level  Hunger
 Animate Skeleton         Necr           N/A          100%        1    ##.....
 Apportation              Tloc           #.....       100%        1    ##.....
 Confusing Touch          Hex            #.....       100%        1    ##.....
 Summon Small Mammal      Summ           #...         100%        1    ##.....
 Call Imp                 Summ           #.......     100%        2    ###....
 Call Canine Familiar     Summ           #.......     100%        3    ####...
 Confuse                  Hex            #.......     100%        3    ####...
 Gell's Gravitas          Tloc           #.........   100%        3    ####...
 Summon Guardian Golem    Hex/Summ       #.......     100%        3    ####...
 Petrify                  Tmut/Erth      #.......     100%        4    #####..
 Summon Ice Beast         Ice/Summ       #.......     100%        4    #####..
 Summon Lightning Spire   Summ/Air       #.......     100%        4    #####..
 Metabolic Englaciation   Hex/Ice        #.........   100%        5    ######.
 Yara's Violent Unravell  Hex/Tmut       #.........   100%        5    ######.


Dungeon Overview and Level Annotations

Branches:
Dungeon (8/15)             Temple (0/1) D:6
   Lair: D:8-11

Altars:

Shops:
D:5 %


Message History

* * * LOW HITPOINT WARNING * * *
The bullfrog hits you.
* * * LOW HITPOINT WARNING * * *
A basilisk comes into view.
The ice beast hits you but does no damage.
The basilisk gazes at you. You resist with some effort.
The basilisk hisses angrily.
The orc hits you but does no damage.
The bullfrog hits you but does no damage.
The basilisk gazes at you.
The ice beast hits you but does no damage.
The bullfrog hits you but does no damage.
The orc barely misses you.
An iguana comes into view.
The bullfrog hits you but does no damage.
The ice beast hits you.
* * * LOW HITPOINT WARNING * * *
The ice beast freezes you!
You die...

#..$..#.## .
+.........
#.#+#......####
##....<....?....
.........8....# l
###.........#.##..
#....8..o8#.....
#.....OYF......#
#..l...8@.#..##.
......##l### .#
...... #.# ..
...... #.# . ....
#.# l.. #.# .. .#


You could see 2 basilisks, an ice beast, an ogre, a bullfrog, an iguana
(wandering) and an orc.

Vanquished Creatures
  A sky beast (D:6)
  A centaur (D:5)
  A big kobold (D:7)
  A bullfrog (D:6)
  A water moccasin zombie (Ossuary)
  A scorpion (D:6)
  A wyvern skeleton (D:7)
  4 wights (D:6)
  2 crimson imps
  A jelly (D:5)
  3 hounds
  An orc wizard (D:5)
  3 worker ants (D:5)
  A big kobold zombie (Ossuary)
  2 mummies (Ossuary)
  A howler monkey zombie (D:5)
  4 gnolls (D:3)
  6 adders
  A shadow imp (D:6)
  8 adder zombies (Ossuary)
  2 worms
  3 dart slugs
  3 leopard geckos
  6 orcs
  5 bats
  3 giant cockroaches
  3 gnoll zombies (Ossuary)
  4 goblins
  8 hobgoblins
  8 jackals
  11 kobolds
  2 quokkas (D:4)
  3 ball pythons
  6 frilled lizards
  5 hobgoblin zombies (Ossuary)
  5 kobold zombies (Ossuary)
  8 orc zombies (Ossuary)
  5 rats
134 creatures vanquished.

Notes
Turn   | Place    | Note
-------+----------+-------------------------------------------
     0 | D:1      | Marnok the Human Fighter began the quest for the Orb.
     0 | D:1      | Reached XP level 1. HP: 18/18 MP: 1/1
    84 | D:2      | Reached XP level 2. HP: 4/24 MP: 2/2
    84 | D:2      | HP: 1/24 [kobold/dagger (2)]
   642 | D:1      | Reached XP level 3. HP: 22/29 MP: 3/3
  1354 | D:2      | Reached XP level 4. HP: 29/35 MP: 4/4
  1831 | D:3      | Found a faded altar of an unknown god.
  1844 | D:3      | Reached skill level 3 in Long Blades
  1859 | D:3      | Gained mutation: You tend to lose your temper in combat.
                  | [potion of mutation]
  1859 | D:3      | Gained mutation: You are frail. (-10% HP) [potion of
                  | mutation]
  1859 | D:3      | Gained mutation: Your muscles are strong. (Str +2) [potion
                  | of mutation]
  1864 | D:3      | Reached XP level 5. HP: 9/36 MP: 5/5
  2180 | D:3      | Reached skill level 1 in Dodging
  2334 | D:4      | Lost mutation: You are frail. (-10% HP) [potion of
                  | mutation]
  2334 | D:4      | Lost mutation: You tend to lose your temper in combat.
                  | [potion of mutation]
  2334 | D:4      | Lost mutation: Your muscles are strong. (Str +2) [potion of
                  | mutation]
  2334 | D:4      | Gained mutation: You are frail. (-10% HP) [potion of
                  | mutation]
  2334 | D:4      | Lost mutation: You are frail. (-10% HP) [potion of
                  | mutation]
  2423 | D:5      | Entered Level 5 of the Dungeon
  2451 | D:5      | Reached XP level 6. HP: 41/47 MP: 4/6
  2479 | D:5      | Reached skill level 4 in Long Blades
  2479 | D:5      | Reached skill level 1 in Stealth
  3073 | D:5      | Noticed a sky beast
  3494 | D:5      | Reached XP level 7. HP: 47/53 MP: 7/7
  3656 | D:5      | Found Liosauna's Food Boutique.
  3861 | D:6      | Reached skill level 5 in Long Blades
  3990 | D:6      | Reached XP level 8. HP: 24/60 MP: 8/8
  4199 | D:6      | Found a staircase to the Ecumenical Temple.
  4234 | D:6      | Reached skill level 5 in Armour
  4623 | D:7      | Reached skill level 6 in Long Blades
  4830 | D:8      | Found a sand-covered staircase.
  4835 | Ossuary  | Entered an ossuary
  5353 | D:8      | Noticed a basilisk
  5362 | D:8      | Noticed a basilisk
  5364 | D:8      | Slain by an ice beast

Skill      XL: |  1  2  3  4  5  6  7  8 |
---------------+-------------------------+-----
Long Blades    | 3 4 5 6 |  6.5
Dodging        | 1 2 |  2.0
Armour         | 4 5 |  5.7
Stealth        | 1 |  1.1
Shields        | 4 |  4.8
Fighting       | 4 |  4.4

Action                   |  1- 3 |  4- 6 |  7- 9 || total
-------------------------+-------+-------+-------++-------
Melee: Long sword        |   117 |   208 |   410 ||   735
  Use: Potion            |     1 |     7 |     6 ||    14
       Scroll            |       |     9 |     2 ||    11
 Stab: Invisible         |       |     2 |       ||     2
  Eat: Chunk             |     2 |     3 |       ||     5
       Ration            |       |     1 |     2 ||     3
Armor: Scale mail        |    80 |    90 |   149 ||   319
Dodge: Dodged            |    53 |    85 |    75 ||   213
Block: Shield            |    92 |   125 |   261 ||   478
       Reflection        |       |       |     9 ||     9
       Rpst.: Long sword |    16 |    24 |    29 ||    69
